 Dungeon Crawl Stone Soup version 0.20.0-8-g6b59dc7 (webtiles) character file.

128 Monsterracer the Cudgeler (level 5, -5/29 HPs)
             Began as a Gargoyle Summoner on June 2, 2017.
             Killed from afar by an orc wizard (7 damage)
             ... with a puff of flame
             ... on level 2 of the Dungeon.
             The game lasted 00:05:51 (2837 turns).

Monsterracer the Cudgeler (Gargoyle Summoner)       Turns: 2837, Time: 00:05:52

Health: -5/29      AC: 10    Str: 13      XL:     5   Next: 11%
Magic:  7/8        EV: 10    Int: 12 (15) God:
Gold:   132        SH:  3    Dex:  9 (10) Spells: 2/8 levels left

rFire    . . .     SeeInvis .   d - +0 club
rCold    . . .     Gourm    .   (no shield)
rNeg     + . .     Faith    .   m - +0 ring mail
rPois    ∞         Spirit   .   (no helmet)
rElec    +         Reflect  +   (no cloak)
rCorr    .         Harm     .   k - +0 pair of gloves
MR       .....                  (no boots)
Stlth    +.........             h - +3 amulet of reflection
Regen    0.1/turn               (no ring)
MPRegen  0.2/turn               (no ring)

@: no status effects
A: negative energy resistance 1, electricity resistance, unbreathing,
petrification resistance, rot immunity, AC +4
a: no special abilities


You were on level 2 of the Dungeon.
You were not hungry.

You visited 1 branch of the dungeon, and saw 3 of its levels.

You collected 132 gold pieces.

Inventory:

Hand Weapons
 d - a +0 club (weapon)
Armour
 i - a +0 chain mail
 j - a +0 buckler
 k - a +0 pair of gloves (worn)
 m - a +0 ring mail (worn)
Jewellery
 h - a +3 amulet of reflection (around neck)
Scrolls
 b - a scroll of blinking {unknown}
 e - a scroll of teleportation {unknown}
 g - a scroll of fog {unknown}
Comestibles
 c - a bread ration
 f - 3 royal jellies
 l - a chunk of flesh


   Skills:
 - Level 1.3 Fighting
 * Level 4.3 Maces & Flails
 - Level 1.5 Dodging
 - Level 2.1 Stealth
 - Level 2.0 Spellcasting
 - Level 3.6 Summonings


You had 2 spell levels left.
You knew the following spells:

 Your Spells              Type           Power        Failure   Level  Hunger
a - Summon Small Mammal   Summ           #...         14%         1    ##.....
b - Call Imp              Summ           #.......     21%         2    ###....
c - Call Canine Familiar  Summ           #.......     38%         3    ####...


Dungeon Overview and Level Annotations

Branches:
Dungeon (3/15)

Altars:


Innate Abilities, Weirdness & Mutations

You are resistant to torment.
Your stone body is resilient. (AC +4)
You are immune to poison.
You resist negative energy. (rN+)
You are resistant to electric shocks. (rElec)
You can survive without breathing.
You are immune to petrification.
You are immune to rotting.


Message History

The magic dart hits you!
You closely miss something. Something hits you but does no damage.
You closely miss something.
You hear some strange, mumbled words.
Something tries to affect you, but you resist.
You hit something but do no damage.
You hear some strange, mumbled words.
A magic dart appears from out of thin air!
The magic dart hits you!
* * * LOW HITPOINT WARNING * * *
You closely miss something.
You hear some strange, mumbled words.
A magic dart appears from out of thin air!
The magic dart hits you!
* * * LOW HITPOINT WARNING * * *
You miss something.
You hear some strange, mumbled words.
A puff of flame appears from out of thin air!
The puff of flame hits you!
You die...

####..# #........# ####..#
##...## #........# ##..# ...###
#...(.((.########..## ####
#.......(##.........# .##
#####.#.....######... .)#
#.#.............. #.##
##<..#########.... #..#
######.......# #...### ##.#
##....{@5####.####.### #
#.#######.....##...#.......# #
##.......................##### #
........#....................## #
#######...................##..###
####...............)###..##
#................## ##...
#.......#...#...## ####
#.......######### #


You could see a friendly crimson imp.

Vanquished Creatures
  3 adders
  2 dart slugs (D:1)
  An orc (D:3)
  A ball python (D:3)
  2 giant cockroaches (D:2)
  8 goblins
  A hobgoblin (D:3)
  A quokka (D:2)
  3 bats
  5 frilled lizards
  8 kobolds
  13 rats
48 creatures vanquished.

Vanquished Creatures (collateral kills)
  Jessica (D:2)
  Terence (D:2)
  An adder (D:2)
  A worm (D:2)
  A hobgoblin (D:1)
  4 kobolds
  A quokka (D:2)
  A bat (D:1)
  2 rats
13 creatures vanquished.

Grand Total: 61 creatures vanquished

Notes
Turn   | Place    | Note
-------+----------+-------------------------------------------
     0 | D:1      | Monsterracer the Gargoyle Summoner began the quest for the Orb.
     0 | D:1      | Reached XP level 1. HP: 10/10 MP: 3/3
   119 | D:1      | Reached skill level 1 in Fighting
   200 | D:1      | Reached XP level 2. HP: 15/16 MP: 5/5
   204 | D:1      | Learned a level 2 spell: Call Imp
   284 | D:1      | Reached skill level 1 in Maces & Flails
   955 | D:1      | Reached skill level 2 in Maces & Flails
   958 | D:1      | Reached XP level 3. HP: 18/20 MP: 6/6
   981 | D:1      | Learned a level 3 spell: Call Canine Familiar
  1361 | D:2      | Noticed Terence
  1387 | D:2      | Killed Terence
  1680 | D:2      | Reached skill level 3 in Maces & Flails
  1816 | D:2      | Noticed Jessica
  1847 | D:2      | Killed Jessica
  1847 | D:2      | Reached XP level 4. HP: 17/25 MP: 0/7
  2472 | D:2      | Reached skill level 4 in Maces & Flails
  2584 | D:3      | Reached XP level 5. HP: 18/29 MP: 3/8
  2837 | D:2      | Killed from afar by an orc wizard

Skill      XL: |  1  2  3  4 |
---------------+-------------+-----
Fighting       | 1 |  1.3
Maces & Flails | 2 3 4 |  4.3
Dodging        | |  1.5
Stealth        | |  2.1
Spellcasting   | |  2.0
Summonings     | |  3.6

Action                   |  1- 3 |  4- 6 || total
-------------------------+-------+-------++-------
Melee: Unarmed           |    14 |       ||    14
       Club              |   139 |   127 ||   266
 Cast: Summon Small Mamm |     6 |     1 ||     7
       Call Imp          |     5 |     8 ||    13
       Call Canine Famil |     3 |       ||     3
  Use: Potion            |     2 |       ||     2
       Scroll            |     1 |       ||     1
 Stab: Sleeping          |     6 |     3 ||     9
       Distracted        |     1 |       ||     1
  Eat: Chunk             |     3 |     5 ||     8
Armor: Robe              |    57 |    47 ||   104
       Ring mail         |       |    20 ||    20
Dodge: Dodged            |    99 |   108 ||   207
Block: Other             |       |     9 ||     9
